 Dungeon Crawl Stone Soup version 0.27-a0-1525-g1038ab4fd7 (webtiles) character file.

Game seed: 5030919420956575143

120 lmSkywalker the Stinger (level 4, -1/46 (49) HPs)
             Began as a Draconian Venom Mage on July 10, 2021.
             Slain by an orc wizard (4 damage)
             ... on level 2 of the Dungeon.
             The game lasted 00:08:06 (2940 turns).

lmSkywalker the Stinger (Draconian Venom Mage)      Turns: 2940, Time: 00:08:06

HP:   -1/46 (49)    AC:  5    Str: 11    XL:     4   Next: 75%
MP:   8/8           EV: 12    Int: 21    God:
Gold: 106           SH:  0    Dex: 12    Spells: 4/8 levels left

rFire    . . .     SeeInvis .   h - +2 short sword (venom)
rCold    . . .     Faith    .   (no shield)
rNeg     . . .     Spirit   .   (armour unavailable)
rPois    .         Reflect  .   (helmet restricted)
rElec    .         Harm     .   (no cloak)
rCorr    .         Rampage  .   (no gloves)
Will     .....                  (no boots)
Stlth    ..........             (no amulet)
HPRegen  0.15/turn              c - +6 ring of intelligence
MPRegen  0.11/turn              f - ring of wizardry

@: confused, berserking, drained, very quick
A: AC +5, unfitting armour, cold-blooded
a: no special abilities


You were on level 2 of the Dungeon.
You visited 1 branch of the dungeon, and saw 2 of its levels.

You collected 106 gold pieces.

Inventory:

Hand Weapons
 h - a +2 short sword of venom (weapon)
Missiles
 i - a throwing net
 j - 2 curare-tipped darts
Jewellery
 c - a +6 ring of intelligence (left hand)
 f - a ring of wizardry (right hand)
Scrolls
 b - a scroll of identify {unknown}
 d - a scroll of enchant weapon {unknown}
 g - a scroll of amnesia {unknown}


   Skills:
 + Level 2.6 Dodging
 - Level 1.7 Stealth
 + Level 2.7 Spellcasting
 + Level 1.1 Conjurations
 - Level 1.8 Transmutations
 + Level 1.1 Air Magic
 + Level 3.6 Poison Magic


You had 4 spell levels left.
You knew the following spells:

 Your Spells              Type           Power      Damage    Failure   Level
a - Sting                 Tmut/Pois      56%        1d5       1%          1
b - Mephitic Cloud        Conj/Pois/Air  11%        N/A       8%          3

Your spell library contained the following spells:

 Spells                   Type           Power      Damage    Failure   Level
 Poisonous Vapours        Pois/Air       24%        N/A       3%          2
 Olgreb's Toxic Radiance  Pois           18%        N/A       12%         4


Dungeon Overview and Level Annotations

Branches:
Dungeon (2/15)

Altars:

Shops:
D:2 =


Innate Abilities, Weirdness & Mutations

Your plain brown scales are hard. (AC +5)
You cannot fit into any form of body armour.
You are cold-blooded and may be slowed by cold attacks.


Message History

There are no items here.
There are no items here.
There are no items here.
You puncture the orc priest!
The orc priest is poisoned.
The orc priest is severely wounded.
The orc priest barely misses you.
You miss the orc priest.
The orc priest is severely wounded.
Something hits you.
You feel drained. The orc priest hits you with a +0 club.
* * * LOW HITPOINT WARNING * * *
You feel much better.
You feel less confused. Something hits you.
You feel drained. The orc priest hits you with a +0 club.
The orc priest calls upon Beogh to heal the orc priest.
You hit the orc priest.
The orc priest looks as sick as possible!
The orc priest is severely wounded.
You kill the orc priest!
Something hits you.
You feel drained.
Your Conjurations skill increases to level 1!
Your Air Magic skill increases to level 1!
The orc priest barely misses you.
You closely miss the orc priest.
You hear some strange, mumbled words.
You are confused.
The orc priest hits you with a +0 short sword.
Something hits you.
You feel drained.
You bump into the rock wall.
The orc priest hits you but does no damage.
You hear some strange, mumbled words.
A magic dart appears from out of thin air!
The magic dart hits you.
* * * LOW HITPOINT WARNING * * *
It was a potion of berserk rage.
A red film seems to cover your vision as you go berserk!
You feel yourself moving faster!
You feel mighty!
The orc priest hits you with a +0 short sword.
* * * LOW HITPOINT WARNING * * *
Something hits you.
You die...

#.#.#......####........###+##...
##......................##....#.#
..................o...........#.#
########......................#.#
#...........................###.#
.............)...##.####....###.#
...........####.....# #......#..
...........# ##o#### ######.###
...........#####@## #....
.........#.##..).{# #####
#........#.##.#####
########.#.##.# ........)#<##.#
........(.....# ###############
## .#


You could see an orc priest.

Vanquished Creatures
  An orc priest (D:2)
  3 gnolls (D:2)
  An adder (D:2)
  2 orcs (D:2)
  6 ball pythons
  6 endoplasms
  4 giant cockroaches
  3 goblins
  6 hobgoblins
  3 quokkas
  5 bats
  A frilled lizard (D:1)
  7 kobolds
  2 rats (D:2)
50 creatures vanquished.

Notes
Turn   | Place    | Note
-------+----------+-------------------------------------------
     0 | D:1      | lmSkywalker the Draconian Venom Mage began the quest for
                  | the Orb.
     0 | D:1      | Reached XP level 1. HP: 14/14 MP: 3/3
   219 | D:1      | You fall into a shaft and drop 1 floor!
   241 | D:2      | Reached XP level 2. HP: 15/20 MP: 1/5
   444 | D:2      | Found Jaat's Jewellery Boutique.
   508 | D:2      | Reached XP level 3. HP: 19/26 MP: 2/6
   546 | D:2      | Learned a level 3 spell: Mephitic Cloud
  1467 | D:1      | Reached XP level 4. HP: 31/33 MP: 4/7
  2937 | D:2      | Reached skill level 1 in Conjurations
  2937 | D:2      | Reached skill level 1 in Air Magic
  2940 | D:2      | Slain by an orc wizard

Illustrated notes

Levels and vault maps discovered:
D:1:      nicolae_arrival_washed_ashore, layout_basic, feat_on_display
D:2:      cheibrodos_pilgrimage, layout_basic, serial_shops,
          nicolae_shop_temple_entry_statues_fountains

Skill      XL: |  1  2  3  4 |
---------------+-------------+-----
Dodging        | 2 |  2.6
Conjurations   | 1 |  1.1
Air Magic      | 1 |  1.1
Stealth        | |  1.7
Spellcasting   | |  2.7
Transmutations | |  1.8
Poison Magic   | |  3.6

Action                   |  1- 3 |  4- 6 || total
-------------------------+-------+-------++-------
Melee: Unarmed           |     1 |       ||     1
       Short sword       |       |    12 ||    12
 Cast: Sting             |    52 |    32 ||    84
  Use: Scroll            |     1 |       ||     1
       Potion            |       |     3 ||     3
Armor: Skin              |     6 |     7 ||    13
Dodge: Dodged            |     9 |    12 ||    21

Table legend: (Time is in decaauts)
 A = Elapsed time spent in this place.
 B = Non-inter-level travel time spent in this place.
 C = Inter-level travel time spent in this place.
 D = Time resting spent in this place.
 E = Time spent auto-exploring this place.
 F = Levels seen in this place.
 G = Mean time per level.
                   A        B        C        D        E       F      G
               +--------+--------+--------+--------+--------+-----+--------+
         Total |   2943 |   2752 |    191 |    563 |   1256 |   2 | 1471.5 |
       Dungeon |   2943 |   2752 |    191 |    563 |   1256 |   2 | 1471.5 |
               +--------+--------+--------+--------+--------+-----+--------+

Top non-repeatable levels by time:
     D:1: 1697 daAuts
     D:2: 1245 daAuts
